 Dungeon Crawl Stone Soup version 0.22.1-1-ga44c0e56f4 (webtiles) character file.

19404 Elric the Brawler (level 12, -4/126 HPs)
             Began as a Troll Monk on Nov 10, 2018.
             Was a High Priest of the Shining One.
             Slain by a wolf (5 damage)
             ... on level 1 of the Lair of Beasts.
             The game lasted 00:16:00 (9941 turns).

Elric the Brawler (Troll Monk)                      Turns: 9941, Time: 00:16:00

Health: -4/126     AC:  8    Str: 26    XL:     12   Next: 36%
Magic:  11/11      EV: 10    Int:  6    God:    the Shining One [*****.]
Gold:   977        SH:  0    Dex: 12    Spells: 11/11 levels left

rFire    . . .     SeeInvis .     - Unarmed
rCold    + . .     Gourm    +   I - +0 shield
rNeg     + + .     Faith    .   l - +1 troll leather armour
rPois    .         Spirit   .   (helmet restricted)
rElec    .         Reflect  .   (no cloak)
rCorr    .         Harm     .   (gloves unavailable)
MR       +....                  (boots unavailable)
Stlth    +.........             H - amulet of regeneration
HPRegen  1.51/turn              p - ring of protection from cold
MPRegen  0.12/turn              j - ring of protection from magic

@: confused, lethally poisoned (-4 -> -4), divine shield, frozen, glowing, very
slow
A: large, unfitting armour, claws 3, fast metabolism 3, gourmand, regeneration
1, shaggy fur 1, tough skin 2
a: Divine Shield, Cleansing Flame, Summon Divine Warrior, Renounce Religion


You were on level 1 of the Lair of Beasts.
You worshipped the Shining One.
The Shining One was extremely pleased with you.
You were very hungry.

You visited 4 branches of the dungeon, and saw 14 of its levels.

You collected 977 gold pieces.

Inventory:

Armour
 a - a +1 robe
 l - a +1 troll leather armour (worn)
 I - a +0 shield (worn)
Jewellery
 j - a ring of protection from magic (right claw)
 p - a ring of protection from cold (left claw)
 A - an uncursed ring of magical power {unknown}
 H - an amulet of regeneration (around neck)
Wands
 n - a wand of enslavement (20)
 r - a wand of flame (20)
 u - a wand of disintegration (27)
 z - a wand of polymorph (41)
 E - a wand of iceblast (6)
 K - a wand of acid (9)
Scrolls
 e - 4 scrolls of teleportation
 f - 7 scrolls of magic mapping
 g - 6 scrolls of identify
 q - 2 scrolls of fear
 t - 6 scrolls of enchant weapon
 v - a scroll of amnesia
 w - a scroll of immolation
 y - 5 scrolls of remove curse
 J - a scroll of noise {unknown}
Potions
 c - a potion of agility
 d - 5 potions of curing
 h - 4 potions of haste
 i - 2 potions of invisibility
 k - 2 potions of magic
 m - 4 potions of lignification
 o - 3 potions of heal wounds
 s - 4 potions of resistance
 x - 2 potions of cancellation
 B - a potion of mutation
 C - a potion of flight
 D - 4 potions of might
 F - 3 potions of brilliance
 G - a potion of ambrosia
Comestibles
 b - 24 rations


   Skills:
 * Level 10.0 Fighting
 - Level 6.1 Dodging
 - Level 1.0 Stealth
 + Level 2.4 Shields
 + Level 15.0 Unarmed Combat


You had 11 spell levels left.
You didn't know any spells.
Your spell library contained the following spells:

 Spells                   Type           Power        Failure   Level  Hunger
 Animate Skeleton         Necr           N/A          93%         1    ##.....
 Apportation              Tloc           #.....       93%         1    ##.....
 Confusing Touch          Hex            #.....       93%         1    ##.....
 Summon Butterflies       Summ           #.......     93%         1    ##.....
 Summon Small Mammal      Summ           #...         93%         1    ##.....
 Call Canine Familiar     Summ           #.......     100%        3    ####...
 Summon Ice Beast         Ice/Summ       #.......     100%        4    #####..
 Bolt of Magma            Conj/Fire/Erth #.........   100%        5    ######.
 Iskenderun's Battlesphe  Conj/Chrm      #.......     100%        5    ######.
 Summon Mana Viper        Hex/Summ       #.......     100%        5    ######.
 Venom Bolt               Conj/Pois      #.........   100%        5    ######.
 Iron Shot                Conj/Erth      #.........   100%        6    #######
 Orb of Destruction       Conj           #.........   100%        7    #######
 Spellforged Servitor     Conj/Summ      #.........   100%        7    #######
 Summon Hydra             Summ           #.........   100%        7    #######


Dungeon Overview and Level Annotations

Branches:
Dungeon (11/15)            Temple (1/1) D:7            Lair (1/6) D:9
    Orc (1/2) D:11

Altars:
Ashenzari
Elyvilon
Fedhas
Gozag
Hepliaklqana
Makhleb
Okawaru
Ru
Sif Muna
Wu Jian
Xom
Yredelemnul
Zin
The Shining One
Beogh

Shops:
D:4 !   D:7 ?


Innate Abilities, Weirdness & Mutations

You are too large for most types of armour.
You have claws for hands.
Your metabolism is lightning-fast.
You like to eat raw meat.
Your natural rate of healing is unusually fast.
You are covered in fur. (AC +1)
You have very tough skin. (AC +2)


Message History

* * * LOW HITPOINT WARNING * * *
You scratch the wolf but do no damage.
You feel sick. The wolf completely misses you.
You're too confused!
You closely miss the wolf.
The wolf stops to sniff the ground.
The rime drake bites you.
* * * LOW HITPOINT WARNING * * *
A wolf comes into view.
The wolf closely misses you. The wolf barely misses you.
The wolf bites you but does no damage. The rime drake breathes ice at you.
The flash freeze hits you! You partially resist.
* * * LOW HITPOINT WARNING * * *
You are encased in ice.
The wolf stops to sniff the ground.
You miss the wolf.
You feel sick. The wolf bites you!
* * * LOW HITPOINT WARNING * * *
The wolf bites you.
You die...

..♣ .......
..♣........
#...........
#..♣h.......
##....♣......
#.......♣...♣
#..hh.......
#.@k.......
#.hh.......
#..........
#.h..#.....
##....# #...
#..h### ..
##.h.# #
######h..##
##.#P#.†..P#


You could see a rime drake and 9 wolves.

Vanquished Creatures
  A hydra (Lair:1)
  2 two-headed ogres
  6 death yaks (D:9)
  Urug (D:11)
  Pikel (D:5)
  An ugly thing (D:11)
  A cyclops (Orc:1)
  2 spiny frogs (Lair:1)
  Psyche (D:9)
  4 kobold demonologists
  A centaur skeleton (D:11)
  A komodo dragon (Lair:1)
  3 trolls
  Grinder (D:4)
  Prince Ribbit (D:6)
  2 hippogriffs
  A vampire (D:11)
  Sigmund (D:5)
  A wyvern (D:10)
  12 yaks
  A hungry ghost (D:10)
  Edmund (D:5)
  Menkaure (D:4)
  3 water moccasins (Lair:1)
  A porcupine (Lair:1)
  A black bear (D:5)
  5 orc warriors
  A necrophage (D:9)
  5 ice beasts
  2 slaves (D:5)
  A phantom (D:9)
  6 wolves (Lair:1)
  7 centaurs
  3 ogres
  4 big kobolds
  A crocodile (Lair:1)
  5 bullfrogs
  4 scorpions
  A water moccasin zombie (D:9)
  5 killer bees (D:7)
  2 crimson imps (D:6)
  2 hounds
  5 jellies
  Crazy Yiuf (D:7)
  12 orc priests
  A bullfrog skeleton (D:6)
  13 orc wizards
  3 iguanas
  4 worker ants
  Robin (D:3)
  A howler monkey zombie (D:10)
  2 worker ant zombies
  7 adders
  2 shadow imps
  An ooze (D:5)
  2 adder skeletons
  5 worms
  3 dart slugs
  6 leopard geckos
  47 orcs
  2 ball pythons
  7 bats
  5 giant cockroaches
  20 goblins
  11 hobgoblins
  18 jackals
  23 kobolds
  5 quokkas
  8 frilled lizards
  5 rats
326 creatures vanquished.

Notes
Turn   | Place    | Note
-------+----------+-------------------------------------------
     0 | D:1      | Elric the Troll Monk began the quest for the Orb.
     0 | D:1      | Reached XP level 1. HP: 22/22 MP: 0/0
    74 | D:1      | Reached XP level 2. HP: 29/29 MP: 1/1
   312 | D:1      | Reached XP level 3. HP: 33/36 MP: 2/2
   320 | D:1      | Reached skill level 4 in Unarmed Combat
   719 | D:2      | Found a white marble altar of Elyvilon.
   822 | D:2      | Became a worshipper of Elyvilon the Healer
   822 | D:2      | Reached * piety under Elyvilon
   822 | D:2      | Reached ** piety under Elyvilon
   963 | D:2      | Reached XP level 4. HP: 44/44 MP: 3/3
  1407 | D:3      | Reached skill level 5 in Unarmed Combat
  1573 | D:3      | Reached XP level 5. HP: 25/52 MP: 4/4
  1803 | D:3      | Reached skill level 6 in Unarmed Combat
  1853 | D:3      | Noticed Robin
  1879 | D:3      | Killed Robin
  1960 | D:3      | Reached *** piety under Elyvilon
  2032 | D:3      | Reached XP level 6. HP: 52/61 MP: 5/5
  2361 | D:4      | Found Zukifreo's Distillery.
  2414 | D:4      | Reached skill level 7 in Unarmed Combat
  2479 | D:4      | Noticed Grinder
  2483 | D:4      | Paralysed by Grinder for 4 turns
  2492 | D:4      | HP: 3/61 [Grinder (5)]
  2492 | D:4      | Elyvilon protects you from harm!
  2493 | D:4      | Killed Grinder
  2493 | D:4      | Reached skill level 8 in Unarmed Combat
  2493 | D:4      | Reached XP level 7. HP: 3/67 MP: 6/6
  2646 | D:4      | Noticed Menkaure
  2656 | D:4      | Killed Menkaure
  3013 | D:5      | Entered Level 5 of the Dungeon
  3013 | D:5      | Noticed Edmund
  3023 | D:5      | Killed Edmund
  3023 | D:5      | Reached skill level 9 in Unarmed Combat
  3067 | D:5      | Noticed Pikel
  3095 | D:5      | Killed Pikel
  3095 | D:5      | Reached skill level 10 in Unarmed Combat
  3095 | D:5      | Reached XP level 8. HP: 55/75 MP: 7/7
  3147 | D:5      | Reached **** piety under Elyvilon
  3592 | D:5      | Noticed Sigmund
  3616 | D:5      | Killed Sigmund
  3616 | D:5      | Reached skill level 11 in Unarmed Combat
  3931 | D:6      | Noticed Prince Ribbit
  3945 | D:6      | Killed Prince Ribbit
  4014 | D:6      | Reached XP level 9. HP: 76/84 MP: 8/8
  4347 | D:6      | Found a blossoming altar of Fedhas.
  4411 | D:7      | Found a runed door.
  4440 | D:7      | Reached skill level 12 in Unarmed Combat
  4543 | D:7      | Reached ***** piety under Elyvilon
  4650 | D:7      | Found an ornate altar of the Wu Jian Council.
  4779 | D:7      | Found a staircase to the Ecumenical Temple.
  4791 | Temple   | Entered the Ecumenical Temple
  4811 | Temple   | Fell from the grace of Elyvilon
  4811 | Temple   | Became a worshipper of the Shining One
  4811 | Temple   | Reached * piety under the Shining One
  4811 | Temple   | Reached ** piety under the Shining One
  4877 | D:7      | Found Vuesh's Magic Scroll Boutique.
  5407 | D:7      | Noticed Crazy Yiuf
  5411 | D:7      | Killed Crazy Yiuf
  5556 | D:8      | Noticed a two-headed ogre
  5564 | D:8      | Killed a two-headed ogre
  5564 | D:8      | Reached skill level 13 in Unarmed Combat
  5827 | D:8      | Reached XP level 10. HP: 86/93 MP: 9/9
  6464 | D:9      | Reached *** piety under the Shining One
  6467 | D:9      | Found a basalt altar of Yredelemnul.
  6503 | D:9      | Noticed a death yak
  6503 | D:9      | Noticed a death yak
  6503 | D:9      | Noticed a death yak
  6504 | D:9      | Found a staircase to the Lair.
  6507 | D:9      | Noticed a death yak
  6527 | D:9      | Killed a death yak
  6527 | D:9      | Reached skill level 5 in Fighting
  6532 | D:9      | Killed a death yak
  6544 | D:9      | Killed a death yak
  6659 | D:9      | Noticed a death yak
  6664 | D:9      | Reached skill level 14 in Unarmed Combat
  6687 | D:9      | Killed a death yak
  6827 | D:9      | Killed a death yak
  6827 | D:9      | Reached XP level 11. HP: 44/109 MP: 10/10
  6921 | D:9      | Noticed a death yak
  6936 | D:9      | Killed a death yak
  7068 | D:9      | Found a glowing silver altar of Zin.
  7164 | D:9      | Noticed Psyche
  7171 | D:9      | Killed Psyche
  7197 | D:9      | Reached skill level 5 in Dodging
  7359 | D:9      | Found a glowing golden altar of the Shining One.
  7556 | D:9      | Found an opulent altar of Gozag.
  7634 | D:9      | Found a shimmering altar of Xom.
  7635 | D:9      | Found a hazy altar of Hepliaklqana.
  7753 | D:10     | Entered Level 10 of the Dungeon
  7802 | D:10     | Reached **** piety under the Shining One
  7917 | D:10     | Noticed a two-headed ogre
  7925 | D:10     | Killed a two-headed ogre
  8054 | D:10     | Noticed a sixfirhy
  8530 | D:11     | Noticed Urug
  8547 | D:11     | Killed Urug
  8859 | D:11     | Noticed a white ugly thing
  8869 | D:11     | Killed a white ugly thing
  8869 | D:11     | Reached XP level 12. HP: 32/123 MP: 11/11
  9178 | D:11     | Found a staircase to the Orcish Mines.
  9179 | D:11     | Found a roughly hewn altar of Beogh.
  9209 | Orc:1    | Entered Level 1 of the Orcish Mines
  9216 | Orc:1    | Reached skill level 1 in Shields
  9219 | Orc:1    | Reached ***** piety under the Shining One
  9507 | Lair:1   | Entered Level 1 of the Lair of Beasts
  9601 | Lair:1   | Noticed a five-headed hydra
  9616 | Lair:1   | Killed a ten-headed hydra
  9616 | Lair:1   | Reached skill level 15 in Unarmed Combat
  9925 | Lair:1   | Reached skill level 10 in Fighting
  9940 | Lair:1   | HP: 6/126 [rime drake/flash freeze (18)]
  9941 | Lair:1   | HP: 1/126 [wolf (8)]
  9941 | Lair:1   | Slain by a wolf

Skill      XL: |  1  2  3  4  5  6  7  8  9 10 11 12 |
---------------+-------------------------------------+-----
Unarmed Combat | 4 5 6 8 10 11 13 14 15 | 15.0
Fighting       | 3 4 7 9 10 | 10.0
Dodging        | 4 6 |  6.1
Shields        | 2 |  2.4
Stealth        | |  1.0

Action                   |  1- 3 |  4- 6 |  7- 9 | 10-12 || total
-------------------------+-------+-------+-------+-------++-------
Melee: Unarmed           |   116 |   158 |   190 |   389 ||   853
       Punch             |       |     6 |    10 |    22 ||    38
Invok: Divine Protection |       |     1 |       |       ||     1
       Divine Shield     |       |       |       |     1 ||     1
Evoke: Wand              |       |       |       |     4 ||     4
  Use: Scroll            |       |       |    22 |     4 ||    26
       Potion            |       |       |       |     1 ||     1
 Stab: Sleeping          |     1 |       |     2 |       ||     3
  Eat: Chunk             |     5 |    15 |    15 |    31 ||    66
       Ration            |       |       |     4 |     2 ||     6
Armor: Robe              |    32 |    44 |    32 |    13 ||   121
       Troll leather arm |       |       |       |   122 ||   122
Dodge: Dodged            |    66 |    72 |    80 |   202 ||   420
Block: Shield            |       |       |       |    91 ||    91
